 Dungeon Crawl Stone Soup version 0.26-a0-683-g5206c1d7ac (webtiles) character file.

Game seed: 5008093258542929493

1643 timneilson the Covered (level 8, -4/73 HPs)
             Began as a Gargoyle Fighter on Oct 22, 2020.
             Was a Follower of Okawaru.
             Slain by an orc warrior
             ... wielding a +0 war axe
              (10 damage)
             ... on level 7 of the Dungeon.
             The game lasted 00:14:16 (6771 turns).

timneilson the Covered (Gargoyle Fighter)           Turns: 6771, Time: 00:14:17

Health: -4/73      AC: 24    Str: 22    XL:     8   Next: 99%
Magic:  9/9        EV:  2    Int:  9    God:    Okawaru [*.....]
Gold:   490        SH: 10    Dex:  9    Spells: 7/7 levels left

rFire    . . .     SeeInvis .   a - +1 long sword
rCold    . . .     Faith    .   c - +0 kite shield
rNeg     + + +     Spirit   .   (armour currently unavailable)
rPois    ∞         Reflect  .   (helmet currently unavailable)
rElec    .         Harm     .   (cloak currently unavailable)
rCorr    .         Rampage  .   (gloves currently unavailable)
MR       +....     NoTele   +   (boots currently unavailable)
Stlth    +.........             (no amulet)
HPRegen  0.22/turn              j - ring of protection from magic
MPRegen  0.11/turn              (no ring)

@: tree-form (expiring), slowed, very slow
A: negative energy resistance 1, petrification resistance, rot immunity, AC +5
a: Heroism, Renounce Religion


You were on level 7 of the Dungeon.
You worshipped Okawaru.
Okawaru was aware of your devotion.
You were a tree.
You visited 2 branches of the dungeon, and saw 8 of its levels.

You collected 490 gold pieces.

Inventory:

Hand Weapons
 a - a +1 long sword (weapon)
Armour
 b - a +0 scale mail
 c - a +0 kite shield (worn)
 g - a +0 chain mail (melded)
 h - a +0 pair of boots (melded)
 i - a cursed +0 tower shield
 l - a +0 hat (melded)
 p - a +0 pair of gloves (melded)
Jewellery
 j - a ring of protection from magic (left branch)
Wands
 w - a wand of flame (12)
Scrolls
 d - a scroll of blinking
 k - 2 scrolls of teleportation
 m - a scroll of remove curse
 q - 2 scrolls of enchant weapon
 r - a scroll of fear
 u - a scroll of identify
 z - a scroll of fog
Potions
 f - a potion of cancellation
 n - 4 potions of lignification
 o - a potion of flight
 s - a potion of mutation
 t - a potion of haste
 v - a potion of brilliance
 x - a potion of might


   Skills:
 + Level 5.3 Fighting
 * Level 5.4 Long Blades
 * Level 7.1 Armour
 * Level 7.0 Shields
 + Level 1.9 Invocations
 + Level 1.4 Evocations


You had 7 spell levels left.
You didn't know any spells.
Your spell library contained the following spells:

 Spells                   Type           Power        Failure   Level
 Freeze                   Ice            #...         75%         1
 Frozen Ramparts          Ice            #.....       98%         3
 Ozocubu's Armour         Ice            #.......     98%         3
 Hailstorm                Conj/Ice       #.......     100%        4
 Summon Ice Beast         Ice/Summ       #.......     100%        4


Dungeon Overview and Level Annotations

Branches:
Dungeon (7/15)             Temple (1/1) D:4

Altars:
Cheibriados
Dithmenos
Elyvilon
Fedhas
Gozag
Hepliaklqana
Kikubaaqudgha
Makhleb
Nemelex Xobeh
Okawaru
Ru
Sif Muna
Trog
Vehumet
Wu Jian
Xom
Yredelemnul
Zin
The Shining One


Innate Abilities, Weirdness & Mutations

You are resistant to torment.
((Your stone body is resilient. (AC +5)))
You are immune to poison.
You resist negative energy. (rN+)
((You are resistant to electric shocks. (rElec)))
((You can survive without breathing.))
You are immune to petrification.
You are immune to rotting.


Message History

The orc warrior is almost dead.
The orc wizard mumbles some strange words.
The orc wizard blinks!
The orc warrior hits you with a +0 war axe!
* * * LOW HITPOINT WARNING * * *
The orc warrior hits you but does no damage.
You hit the orc warrior but do no damage.
The orc warrior is almost dead.
The orc wizard casts a spell at you. The magic dart hits you.
* * * LOW HITPOINT WARNING * * *
You block the orc warrior's attack.
The orc wizard mumbles some strange words.
The orc wizard blinks!
You hit the orc warrior but do no damage.
The orc warrior is almost dead.
Your transformation is almost over.
You block the orc warrior's attack.
The orc warrior hits you with a +0 war axe!
You die...

.. ## ## .##. .
....#. # ..#... .#
#.##.# ####o.#
#.##.# #oo...#
#.##.# #o# ###.##.#
###♣#
#.<....###...##
..................#
#####.#.#####...§.#
#.#.# #.....# #...#
#....## #..##
#.#.## #.. #.#.#
#.. #.#.#


You could see an orc warrior, an orc wizard (fast) and an orc.

Vanquished Creatures
  A sky beast (D:5)
  A black bear (D:6)
  A phantom (D:6)
  5 necrophages (D:6)
  A bullfrog (D:6)
  A scorpion (D:6)
  A howler monkey (D:5)
  A centaur zombie (D:6)
  A jelly (D:5)
  4 orc priests
  A hound (D:3)
  3 orc wizards
  A bullfrog skeleton (D:6)
  2 iguanas (D:4)
  3 worker ants
  A killer bee zombie (D:6)
  A hound zombie (D:6)
  A howler monkey zombie (D:6)
  A worker ant zombie (D:6)
  4 gnolls (D:4)
  8 adders
  3 shadow imps
  3 ufetubi
  3 oozes
  4 worms
  2 dart slugs (D:1)
  3 leopard geckos
  16 orcs
  3 ball pythons (D:4)
  11 bats
  8 giant cockroaches
  4 goblins
  4 hobgoblins
  17 jackals
  3 quokkas
  6 frilled lizards
  6 kobolds
  A leopard gecko zombie (D:6)
  A quokka skeleton (D:5)
  A quokka zombie (D:6)
  8 rats
150 creatures vanquished.

Vanquished Creatures (others)
  2 bushes (D:6)
  11 plants (D:6)
13 creatures vanquished.

Grand Total: 163 creatures vanquished

Notes
Turn   | Place    | Note
-------+----------+-------------------------------------------
     0 | D:1      | timneilson the Gargoyle Fighter began the quest for the
                  | Orb.
     0 | D:1      | Reached XP level 1. HP: 14/14 MP: 1/1
   110 | D:1      | Reached XP level 2. HP: 17/19 MP: 2/2
   725 | D:1      | Reached XP level 3. HP: 20/23 MP: 3/3
  1803 | D:2      | Reached XP level 4. HP: 16/28 MP: 4/4
  2457 | D:3      | Reached XP level 5. HP: 29/33 MP: 5/5
  3334 | D:4      | Reached XP level 6. HP: 22/38 MP: 6/6
  3579 | D:4      | You fall into a shaft and drop 2 floors!
  3599 | D:6      | Reached skill level 5 in Armour
  3600 | D:6      | Reached skill level 5 in Shields
  3608 | D:6      | Found a blossoming altar of Fedhas.
  3612 | D:6      | Noticed a necrophage
  3613 | D:6      | Noticed a necrophage
  3613 | D:6      | Noticed a necrophage
  3613 | D:6      | Noticed a necrophage
  3744 | D:6      | Noticed a black bear
  3761 | D:6      | Killed a black bear
  3761 | D:6      | Reached XP level 7. HP: 37/44 MP: 7/7
  3825 | D:5      | Entered Level 5 of the Dungeon
  4939 | D:4      | Found a staircase to the Ecumenical Temple.
  4944 | Temple   | Entered the Ecumenical Temple
  5139 | D:4      | Found a radiant altar of Vehumet.
  5224 | D:4      | You fall into a shaft and drop 2 floors!
  5261 | D:6      | Reached XP level 8. HP: 32/48 MP: 8/8
  5479 | D:4      | Found a glowing golden altar of the Shining One.
  6117 | D:6      | Found an iron altar of Okawaru.
  6122 | D:6      | Became a worshipper of Warmaster Okawaru
  6164 | D:6      | Reached skill level 5 in Fighting
  6336 | D:6      | Got a crude hand axe
  6593 | D:6      | Reached skill level 5 in Long Blades
  6600 | D:6      | Reached skill level 1 in Invocations
  6615 | D:6      | Reached skill level 1 in Evocations
  6663 | D:6      | Identified the +8 hand axe of the Absolute Madman {venom,
                  | Str+5 Int+8} (You found it on level 6 of the Dungeon)
  6745 | D:7      | Reached * piety under Okawaru
  6771 | D:7      | Slain by an orc warrior

Illustrated notes

Levels and vault maps discovered:
D:1:      lemuel_arrival_tunnels, layout_basic
D:2:      layout_rooms
D:3:      layout_basic, minivault_14, kennysheep_generic_room_8
D:4:      layout_loops_corners, overflow_temple_1_default,
          nicolae_overflow_crystal_walls, temple_doors_ab,
          minmay_close_crescents
D:5:      layout_loops_corners
D:6:      layout_basic, kennysheep_little_box, fedhas_altar_decomposition
D:7:      layout_loops_ring, st_stairs_6, uniq_duvessa
Temple:   eino_temple_scatter_basement

Skill      XL: |  1  2  3  4  5  6  7  8 |
---------------+-------------------------+-----
Long Blades    | 2 3 4 5 |  5.4
Armour         | 4 5 6 7 |  7.1
Shields        | 4 5 6 7 |  7.0
Fighting       | 4 5 |  5.3
Invocations    | 1 |  1.9
Evocations     | 1 |  1.4

Action                   |  1- 3 |  4- 6 |  7- 9 || total
-------------------------+-------+-------+-------++-------
Melee: Long sword        |   155 |   264 |   309 ||   728
Invok: Heroism           |       |       |     1 ||     1
  Use: Scroll            |     5 |     6 |     8 ||    19
       Potion            |       |     1 |     2 ||     3
Armor: Scale mail        |    87 |   164 |    45 ||   296
       Chain mail        |       |       |   109 ||   109
       Skin              |       |       |     4 ||     4
Dodge: Dodged            |    49 |    84 |    69 ||   202
Block: Kite shield       |    86 |   170 |   152 ||   408
       Rpst.: Long sword |    18 |    30 |    23 ||    71

Table legend: (Time is in decaauts)
 A = Elapsed time spent in this place.
 B = Non-inter-level travel time spent in this place.
 C = Inter-level travel time spent in this place.
 D = Time resting spent in this place.
 E = Time spent auto-exploring this place.
 F = Levels seen in this place.
 G = Mean time per level.
                   A        B        C        D        E       F      G
               +--------+--------+--------+--------+--------+-----+--------+
         Total |   6984 |   6738 |    246 |      0 |   5032 |   8 |  873.0 |
       Dungeon |   6846 |   6607 |    239 |      0 |   4903 |   7 |  978.0 |
        Temple |    137 |    130 |      7 |      0 |    129 |   1 |  137.0 |
               +--------+--------+--------+--------+--------+-----+--------+

Top non-repeatable levels by time:
     D:4: 1267 daAuts
     D:1: 1259 daAuts
     D:5: 1142 daAuts
     D:2: 1109 daAuts
     D:6: 1066 daAuts
     D:3: 928 daAuts
  Temple: 137 daAuts
     D:7: 72 daAuts
